 Dungeon Crawl Stone Soup version 0.22.1-2-g9c5b331383 (webtiles) character file.

120 Revguard the Chopper (level 4, 0/35 HPs)
             Began as a Demonspawn Monk on Nov 16, 2018.
             Slain by Natasha (4 damage)
             ... on level 2 of the Dungeon.
             The game lasted 00:05:35 (2387 turns).

Revguard the Chopper (Demonspawn Monk)              Turns: 2387, Time: 00:05:35

Health: 0/35       AC: 10    Str: 17 (18) XL:     4   Next: 75%
Magic:  4/4        EV:  8    Int:  9 (11) God:
Gold:   61         SH:  0    Dex: 14 (15) Spells: 3/3 levels left

rFire    . . .     SeeInvis .   a - +0 hand axe
rCold    . . .     Gourm    .   (no shield)
rNeg     . . .     Faith    .   i - +0 chain mail
rPois    .         Spirit   .   p - +2 hat
rElec    .         Reflect  .   (no cloak)
rCorr    .         Harm     .   (no gloves)
MR       .....                  (no boots)
Stlth    ..........             (no amulet)
HPRegen  0.11/turn              (no ring)
MPRegen  0.09/turn              (no ring)

@: mighty
A: antennae 2, nightstalker 1
a: no special abilities


You were on level 2 of the Dungeon.
You were hungry.

You visited 1 branch of the dungeon, and saw 2 of its levels.

You collected 61 gold pieces.

Inventory:

Hand Weapons
 a - a +0 hand axe (weapon)
Armour
 b - a +0 robe
 i - a +0 chain mail (worn)
 p - a +2 hat (worn)
Wands
 o - a wand of clouds (3)
Scrolls
 d - 2 scrolls of identify {unknown}
 f - a scroll of fear {unknown}
 g - 2 scrolls of remove curse {unknown}
 h - a scroll of enchant armour {unknown}
 j - 3 scrolls of enchant weapon {unknown}
Comestibles
 c - 6 rations


   Skills:
 + Level 3.5 Fighting
 + Level 3.7 Axes
 * Level 1.9 Armour
 + Level 3.2 Dodging
 - Level 1.7 Stealth


You had 3 spell levels left.
You didn't know any spells.
Your spell library was empty.

Dungeon Overview and Level Annotations

Branches:
Dungeon (2/15)

Altars:

Annotations:
D:2 Natasha


Innate Abilities, Weirdness & Mutations

You have a pair of antennae on your head.
You are slightly more attuned to the shadows.


Message History

You resist with some effort. The gnoll hits you but does no damage.
It was a potion of curing.
You feel better. Natasha casts a spell at you. The magic dart hits you!
* * * LOW HITPOINT WARNING * * *
The gnoll hits you but does no damage.
Your chain mail prevents you from hitting Natasha.
Natasha is lightly wounded.
Natasha casts a spell at you. The magic dart hits you!
The gnoll closely misses you.
You completely miss Natasha.
Natasha is lightly wounded.
Natasha stares at you and mumbles some strange words.
The magic dart hits you!
* * * LOW HITPOINT WARNING * * *
The gnoll barely misses you.
You hit Natasha.
Natasha is heavily wounded.
Natasha claws you.
You die...

.......#.#
#.#.########.#####.#
###......####.#..#
#.......#
###.........##.#
#########
#.##########.#
#####.#### #.#
.........# #.#
.........# ####.####
.........# #.......#
....(....# #.##@##.#
.........# # ##h# #
.........# #5g#
.........# #5##
.>.####### #. ...#
.. ..... ##. #####
.. ..


You could see an iron imp, Natasha, a gnoll and a shadow imp.

Vanquished Creatures
  An iguana (D:2)
  2 gnolls (D:2)
  An adder (D:2)
  An ooze (D:2)
  2 worms (D:2)
  3 dart slugs (D:1)
  A leopard gecko (D:2)
  5 bats
  3 giant cockroaches (D:2)
  5 goblins
  8 hobgoblins
  6 frilled lizards
  8 kobolds
  7 rats
53 creatures vanquished.

Notes
Turn   | Place    | Note
-------+----------+-------------------------------------------
     0 | D:1      | Revguard the Demonspawn Monk began the quest for the Orb.
     0 | D:1      | Reached XP level 1. HP: 18/18 MP: 1/1
   358 | D:1      | Gained mutation: You have a pair of small antennae on your
                  | head. [demonic ancestry]
   358 | D:1      | Reached XP level 2. HP: 13/24 MP: 2/2
  1156 | D:1      | Gained mutation: You are slightly more attuned to the
                  | shadows. [demonic ancestry]
  1156 | D:1      | Reached XP level 3. HP: 29/29 MP: 3/3
  1480 | D:2      | Reached skill level 1 in Armour
  1947 | D:2      | Gained mutation: You have a pair of antennae on your head.
                  | [demonic ancestry]
  1947 | D:2      | Reached XP level 4. HP: 30/35 MP: 4/4
  2368 | D:2      | Noticed Natasha
  2387 | D:2      | Slain by Natasha

Skill      XL: |  1  2  3 |
---------------+----------+-----
Axes           | 3 |  3.7
Dodging        | 3 |  3.2
Armour         | 1 |  1.9
Fighting       | |  3.5
Stealth        | |  1.7

Action                   |  1- 3 |  4- 6 || total
-------------------------+-------+-------++-------
Melee: Hand axe          |   114 |    77 ||   191
  Use: Potion            |       |     5 ||     5
  Eat: Chunk             |     3 |     1 ||     4
Armor: Robe              |    20 |       ||    20
       Chain mail        |    32 |    38 ||    70
Dodge: Dodged            |    78 |    38 ||   116
